AoeStats
← Tavik

Black Forest

504459113Analyzed
4v4 RM · 27d ago on Sep 5, 2026· 62m 9s· 8 players
Game mode
Random Map
Map size
Large (8 player)
Population
200
Speed
Normal
Resources
Standard
Victory
Conquest
Starting age
Dark Age
Ending age
Imperial Age
RankedLock teamsTeams togetherTeam positionsShared explorationLock speedFull tech treeHidden civsTurbo modeCheats
Victory
Defeat
🇧🇷 Malay · Brazil
1408
+14
🇨🇴 Romans · Colombia
1339
+17
🇨🇳 Celts · China
1319
+18
🇮🇳 Poles · India
1315
+18
🇩🇪 Burgundians · Germany
1384
-17
🇫🇷 Teutons · France
1370
-17
🇨🇿 Dravidians · Czechia
1364
-17
🇩🇪 Malay · Germany
1338
-16
Bof-bof | abylll
11:51 Feudal Age
16:11 Castle Age
14:10 Double-Bit Axe
14:25 Horse Collar
14:57 Loom
17:47 Bow Saw
18:23 Wheelbarrow
18:50 Heavy Plow
21:49 Gold Mining
24:08 Bloodlines
24:04 Scale Barding Armor
24:10 Forging
25:22 Chain Barding Armor
26:51 Iron Casting
26:26 Town Watch
27:27 Hand Cart
30:30 Imperial Age
28:50 Fletching
29:15 Masonry
29:13 Stone Mining
30:10 Bodkin Arrow
30:41 Scale Mail Armor
31:01 Cavalier
32:22 Plate Barding Armor
31:56 Siege Engineers
33:01 Chain Mail Armor
33:46 Blast Furnace
33:10 Ballistics
33:16 Conscription
34:25 Crenellations
33:37 Paladin
36:18 Hoardings
40:04 Plate Mail Armor
39:03 Pikeman
39:43 Squires
42:54 Halberdier
Lynx
5:12 Loom
8:44 Fishing Lines
8:51 Double-Bit Axe
11:36 Wheelbarrow
13:46 Feudal Age
16:00 Bow Saw
16:50 Gillnets
20:44 Castle Age
19:59 Hand Cart
23:43 Two-Man Saw
22:57 Gold Mining
24:36 Horse Collar
25:45 Stone Mining
26:30 Gold Shaft Mining
25:57 Heavy Plow
29:17 Imperial Age
27:26 Stone Shaft Mining
27:38 Town Watch
28:30 Crop Rotation
31:18 Chemistry
33:07 Masonry
33:18 Ballistics
33:14 Forging
33:10 Scale Barding Armor
33:06 Padded Archer Armor
33:30 Conscription
33:18 Burgundian Vineyards
36:57 Elite Coustillier
41:46 Iron Casting
41:32 Chain Barding Armor
44:06 Coinage
43:38 Caravan
45:18 Plate Barding Armor
45:43 Blast Furnace
44:46 Husbandry
50:58 Hoardings
52:17 Light Cavalry
60:20 Onager
60:45 Hussar
Tavik
0:42 Loom
13:31 Feudal Age
15:14 Double-Bit Axe
18:25 Castle Age
24:29 Wheelbarrow
23:38 Fishing Lines
25:27 Bow Saw
30:45 Imperial Age
29:08 Scale Mail Armor
29:19 Forging
29:12 Squires
28:58 Arson
29:00 Gambesons
28:35 Man-at-Arms
28:36 Pikeman
29:52 Town Watch
31:47 Wootz Steel
31:48 Conscription
32:39 Gillnets
33:00 Horse Collar
32:53 Elite Urumi Swordsman
35:37 Chain Mail Armor
35:57 Iron Casting
36:01 Siege Elephant
37:53 Ballistics
38:34 Chemistry
38:27 Hoardings
38:58 Blast Furnace
38:29 Plate Mail Armor
37:50 Fletching
40:58 Elite Cannon Galleon
49:32 Halberdier
50:21 Bodkin Arrow
Ragnar Blackmane
0:32 Loom
12:51 Feudal Age
13:12 Double-Bit Axe
14:26 Horse Collar
16:10 Wheelbarrow
16:59 Fletching
21:34 Castle Age
20:55 Fishing Lines
23:43 Bodkin Arrow
24:00 Heavy Plow
24:13 Bow Saw
26:45 Gillnets
32:10 Guard Tower
35:39 Imperial Age
33:52 Man-at-Arms
34:32 Squires
34:17 Arson
34:46 Forging
34:40 Long Swordsman
36:27 Iron Casting
35:48 Pikeman
36:58 Forced Levy
36:34 Halberdier
36:39 Two-Handed Swordsman
39:40 Husbandry
42:15 Iron Casting
44:03 Blast Furnace
43:18 Bracer
43:41 Ballistics
43:32 Masonry
44:15 Padded Archer Armor
44:22 Siege Engineers
45:24 Chemistry
46:28 Keep
47:21 Conscription
46:58 Elite Battle Elephant
49:30 Leather Archer Armor
53:44 Scale Barding Armor
XxBuzzXx
1:29 Loom
13:04 Feudal Age
16:44 Castle Age
14:54 Horse Collar
15:33 Double-Bit Axe
17:57 Wheelbarrow
21:34 Heavy Plow
24:53 Gold Mining
24:57 Stone Mining
26:49 Bow Saw
30:16 Imperial Age
29:20 Scale Barding Armor
29:25 Forging
30:19 Szlachta Privileges
30:37 Chain Barding Armor
30:39 Husbandry
30:51 Bloodlines
30:25 Cavalier
31:42 Iron Casting
34:24 Blast Furnace
33:48 Conscription
33:55 Lechitic Legacy
32:57 Light Cavalry
34:05 Capped Ram
34:13 Winged Hussar
35:03 Siege Ram
41:35 Fletching
42:22 Crop Rotation
42:11 Hand Cart
42:34 Bodkin Arrow
45:51 Bracer
48:01 Padded Archer Armor
49:32 Ballistics
53:50 Stone Shaft Mining
ffff
4:17 Loom
11:57 Feudal Age
15:49 Castle Age
14:11 Double-Bit Axe
15:05 Fishing Lines
16:20 Bow Saw
17:08 Fishing Lines
20:15 Wheelbarrow
21:01 Gold Mining
21:39 Horse Collar
23:06 Heavy Plow
23:51 Stone Mining
24:20 Gillnets
25:35 Hand Cart
29:40 Imperial Age
28:00 Scale Barding Armor
28:05 Forging
29:13 Gold Shaft Mining
30:19 Chemistry
30:02 Crop Rotation
30:17 Husbandry
31:09 Ballistics
32:09 Iron Casting
32:09 Conscription
32:49 Elite Battle Elephant
35:50 Blast Furnace
36:27 Siege Engineers
38:14 Caravan
39:17 Fletching
39:27 Padded Archer Armor
40:03 Bodkin Arrow
40:11 Crossbowman
40:57 Thumb Ring
41:33 Leather Archer Armor
41:19 Bracer
40:45 Arbalester
42:44 Ring Archer Armor
59:20 Treadmill Crane
59:51 Masonry
59:37 Murder Holes
60:02 Elite Karambit Warrior
60:38 Arson
60:53 Squires
鱼鱼
7:25 Loom
11:27 Feudal Age
12:32 Double-Bit Axe
15:05 Castle Age
17:50 Horse Collar
25:51 Wheelbarrow
25:55 Bow Saw
27:08 Hand Cart
26:54 Gold Mining
26:57 Stone Mining
28:05 Caravan
31:43 Imperial Age
32:02 Onager
33:16 Furor Celtica
33:27 Conscription
33:12 Scale Mail Armor
33:23 Forging
33:02 Heavy Scorpion
34:48 Chemistry
33:25 Pikeman
34:22 Chain Mail Armor
33:57 Capped Ram
34:08 Halberdier
35:21 Ballistics
35:23 Siege Engineers
36:41 Siege Onager
36:42 Siege Ram
38:33 Siege Ram
40:53 Plate Mail Armor
40:59 Iron Casting
46:01 Blast Furnace
55:15 Coinage
Manueska
1:39 Loom
14:15 Feudal Age
14:56 Man-at-Arms
16:25 Horse Collar
21:56 Wheelbarrow
24:18 Castle Age
22:05 Double-Bit Axe
23:27 Forging
24:14 Scale Mail Armor
25:12 Pikeman
26:23 Squires
30:55 Hand Cart
31:41 Heavy Plow
36:34 Imperial Age
34:01 Stone Mining
34:24 Gold Mining
34:30 Gold Mining
34:12 Long Swordsman
35:52 Iron Casting
36:41 Capped Ram
37:45 Conscription
36:48 Legionary
38:30 Chain Mail Armor
39:17 Blast Furnace
38:54 Siege Ram
40:14 Onager
41:05 Siege Engineers
41:16 Fletching
41:26 Halberdier
44:49 Comitatenses
48:26 Chemistry
49:36 Crop Rotation
49:44 Town Watch
50:15 Bow Saw
52:53 Town Patrol
56:28 Bodkin Arrow
58:44 Masonry
Connection lost

Rejoining the realm…

Still unreachable

The connection could not be restored.

Session expired

The server has moved on; the page needs a fresh start.